 Dungeon Sprint DCSS version 0.25.1-8-g42b30a86e7 (webtiles) character file.

Game seed: 1299061769266861935

36511 jbtxwes the Demonic Blade (level 13, -16/125 HPs)
             Began as a Demonspawn Gladiator on Dec 11, 2020.
             Was the Champion of Makhleb.
             Demolished by a titan (19 damage)
             ... in the Dungeon (Sprint V: "Ziggurat Sprint").
             The game lasted 00:25:39 (1692 turns).

jbtxwes the Demonic Blade (Demonspawn Gladiator)    Turns: 1692, Time: 00:25:40

Health: -16/125    AC: 34    Str: 27    XL:     13   Next: 53%
Magic:  18/19      EV:  5    Int:  7    God:    Makhleb [******]
Gold:   0          SH: 30    Dex: 22    Spells: 15/15 levels left

rFire    + . .     SeeInvis .   G - +9 lance "Wyrmbane" {slay drac, rPois rF+ rC+ AC+3}
rCold    + . .     Gourm    .   I - +18 shield of the Gong {rElec rN+ MR+ EV-5}
rNeg     + + .     Faith    .   H - +15 Maxwell's patent armour {-Cast -Tele rElec MR+ rCorr}
rPois    +         Spirit   .   (helmet unavailable)
rElec    +         Reflect  .   b - +2 cloak {MR+}
rCorr    +         Harm     .   (no gloves)
MR       +++..     NoTele   +   (no boots) Stlth ..........NoCast +
                                U - amulet "Wogiuhos" {RegenMP Str+3 Int-4}
HPRegen  3.30/turn              A - +6 ring of strength
MPRegen  0.41/turn              V - ring "Qytz" {rN+ Dex+7}

@: mighty, flying (expiring), studying Transmutations
A: horns 3, repulsion field 2, powered by death 1
a: Minor Destruction, Lesser Servant of Makhleb, Major Destruction, Greater
Servant of Makhleb, Renounce Religion


You were in the Dungeon.
You worshipped Makhleb.
Makhleb was exalted by your worship.
You were not hungry.

You visited 1 branch

Inventory:

Hand Weapons
 F - the +7 Singing Sword {vorpal, sonic wave}
   (You found it in the Dungeon)

   It inflicts extra damage upon your enemies.
 G - the +9 lance "Wyrmbane" (weapon) {slay drac, rPois rF+ rC+ AC+3}
   (You found it in the Dungeon)

   It affects your AC (+3).
   It protects you from fire.
   It protects you from cold.
   It protects you from poison.
 Z - the +7 broad axe of the Foot {protect, Dex+7}
   (You found it in the Dungeon)

   It grants its wielder temporary protection when it strikes (+7 to AC).
   It affects your dexterity (+7).
Missiles
 c - 3 throwing nets (quivered)
Armour
 b - a +2 cloak of magic resistance (worn)
 H - the +15 Maxwell's patent armour (worn) {-Cast -Tele rElec MR+ rCorr}
   (You found it in the Dungeon)

   It insulates you from electricity.
   It affects your resistance to hostile enchantments.
   It prevents spellcasting.
   It prevents most forms of teleportation.
   It provides partial protection from all sources of acid and corrosion.
 I - the +18 shield of the Gong (worn) {rElec rN+ MR+ EV-5}
   (You found it in the Dungeon)

   It affects your evasion (-5).
   It insulates you from electricity.
   It protects you from negative energy.
   It affects your resistance to hostile enchantments.
Jewellery
 x - an uncursed ring of protection from fire
 y - a +4 ring of evasion
 z - a +6 ring of intelligence
 A - a +6 ring of strength (left hand)
 J - an uncursed ring of positive energy
 K - a +6 ring of strength
 N - an uncursed ring of protection from fire
 T - the ring of Lututach {+Fly rElec Str+3 Stlth-}
   (You found it in the Dungeon)

   [ring of attention]

   It affects your strength (+3).
   It insulates you from electricity.
   It lets you fly.
   It makes you less stealthy.
 U - the amulet "Wogiuhos" (around neck) {RegenMP Str+3 Int-4}
   (You found it in the Dungeon)

   [amulet of magic regeneration]

   It increases your magic regeneration.
   It affects your strength (+3).
   It affects your intelligence (-4).
 V - the ring "Qytz" (right hand) {rN+ Dex+7}
   (You found it in the Dungeon)

   [ring of positive energy]

   It affects your dexterity (+7).
   It protects you from negative energy.
 X - an uncursed ring of ice
Wands
 C - a wand of disintegration (7)
 D - a wand of iceblast (6)
 E - a wand of acid (7)
Scrolls
 j - 4 scrolls of blinking
 q - 4 scrolls of amnesia
 r - 7 scrolls of fog
 s - 5 scrolls of identify
 t - 5 scrolls of remove curse
 u - 2 scrolls of fear
 P - a scroll of brand weapon
 R - 4 scrolls of enchant armour
Potions
 e - 10 potions of curing
 f - 12 potions of heal wounds
 g - 6 potions of haste
 h - 7 potions of magic
 i - 3 potions of berserk rage
 k - 2 potions of brilliance
 l - 2 potions of invisibility
 m - 3 potions of resistance
 o - 5 potions of stabbing
 p - 4 potions of might
Books
 W - a manual of Transmutations
Miscellaneous
 a - 5 boxes of beasts
 n - a tin of tremorstones (3/3)
 M - a tin of tremorstones (3/3)
 Q - 3 phantom mirrors
Comestibles
 d - 6 rations


   Skills:
 - Level 19.1 Fighting
 - Level 22.1 Long Blades
 * Level 4.0(7.6) Axes
 - Level 10.0(10.4) Polearms
 - Level 1.7 Throwing
 + Level 6.2 Armour
 - Level 2.6 Dodging
 + Level 2.0 Stealth
 - Level 5.7 Shields
 - Level 2.6 Unarmed Combat
 + Level 1.7 Spellcasting
 + Level 8.0 Invocations
 + Level 4.1 Evocations


You had 15 spell levels left.
You didn't know any spells.
Your spell library contained the following spells:

 Spells                   Type           Power        Failure   Level  Hunger
 Foxfire                  Conj/Fire      #...         100%        1    ##.....
 Infusion                 Chrm           #...         100%        1    ##.....
 Magic Dart               Conj           #...         100%        1    ##.....
 Shock                    Conj/Air       #...         100%        1    ##.....
 Blink                    Tloc           N/A          100%        2    ###....
 Call Imp                 Summ           #.......     100%        2    ###....
 Poisonous Vapours        Pois/Air       #.....       100%        2    ###....
 Searing Ray              Conj           #.....       100%        2    ###....
 Shroud of Golubria       Chrm/Tloc      #.....       100%        2    ###....
 Slow                     Hex            #.......     100%        2    ###....
 Song of Slaying          Chrm           #.......     100%        2    ###....
 Swiftness                Chrm/Air       #.......     100%        2    ###....
 Conjure Flame            Conj/Fire      #.......     100%        3    ####...
 Dazzling Flash           Conj/Hex       #.....       100%        3    ####...
 Frozen Ramparts          Ice            #.....       100%        3    ####...
 Gell's Gravitas          Tloc           #.........   100%        3    ####...
 Lesser Beckoning         Tloc           #.........   100%        3    ####...
 Mephitic Cloud           Conj/Pois/Air  #.......     100%        3    ####...
 Ozocubu's Armour         Chrm/Ice       #.......     100%        3    ####...
 Recall                   Summ/Tloc      N/A          100%        3    ####...
 Spectral Weapon          Hex/Chrm       #.......     100%        3    ####...
 Static Discharge         Conj/Air       #.......     100%        3    ####...
 Teleport Other           Tloc           #.......     100%        3    ####...
 Airstrike                Air            #.........   100%        4    #####..
 Cause Fear               Hex            #.........   100%        4    #####..
 Fulminant Prism          Conj/Hex       #.........   100%        4    #####..
 Iskenderun's Mystic Bla  Conj/Tloc      #.......     100%        4    #####..
 Passage of Golubria      Tloc           N/A          100%        4    #####..
 Summon Ice Beast         Ice/Summ       #.......     100%        4    #####..
 Alistair's Intoxication  Tmut/Pois      #.......     100%        5    ######.
 Aura of Abjuration       Summ           #.........   100%        5    ######.
 Bolt of Magma            Conj/Fire/Erth #.........   100%        5    ######.
 Iskenderun's Battlesphe  Conj/Chrm      #.......     100%        5    ######.
 Lightning Bolt           Conj/Air       #.........   100%        5    ######.
 Summon Demon             Summ           #.........   100%        5    ######.
 Summon Forest            Summ/Tloc      #.........   100%        5    ######.
 Summon Mana Viper        Hex/Summ       #.......     100%        5    ######.
 Freezing Cloud           Conj/Ice/Air   #.........   100%        6    #######
 Iron Shot                Conj/Erth      #.........   100%        6    #######
 Shadow Creatures         Summ           N/A          100%        6    #######
 Dragon Form              Tmut           #.........   100%        7    #######
 Haunt                    Necr/Summ      #.........   100%        7    #######
 Orb of Destruction       Conj           #.........   100%        7    #######
 Ring of Flames           Chrm/Fire      #.........   100%        7    #######
 Spellforged Servitor     Conj/Summ      #.........   100%        7    #######
 Borgnjor's Revivificati  Necr           #.........   100%        8    #######
 Chain Lightning          Conj/Air       #.........   100%        8    #######
 Death's Door             Chrm/Necr      #.........   100%        8    #######
 Infestation              Necr           #.........   100%        8    #######
 Lehudib's Crystal Spear  Conj/Erth      #.........   100%        8    #######
 Necromutation            Tmut/Necr      #.........   100%        8    #######
 Absolute Zero            Ice            #.........   100%        9    #######
 Dragon's Call            Summ           #.........   100%        9    #######
 Fire Storm               Conj/Fire      #.........   100%        9    #######


Dungeon Overview and Level Annotations

Branches:
Dungeon (1/1)

Altars:
Ashenzari
Cheibriados
Dithmenos
Elyvilon
Fedhas
Gozag
Hepliaklqana
Kikubaaqudgha
Makhleb
Nemelex Xobeh
Okawaru
Qazlal
Ru
Sif Muna
Trog
Uskayaw
Vehumet
Wu Jian
Xom
Yredelemnul
Zin
The Shining One
Beogh
Jiyva
Lugonu


Innate Abilities, Weirdness & Mutations

You have a pair of large horns on your head.
You are surrounded by a moderate repulsion field. (EV +3)
You regenerate a little health from kills.


Message History

The insubstantial wisp is destroyed!
You block the air elemental's attack.
BOUMMMMG!
You block the air elemental's attack.
PANG!
The spriggan air mage barely misses your blizzard demon.
Your blizzard demon gestures at the air elemental.
The bolt of cold hits the air elemental!!
The air elemental is destroyed!
Makhleb accepts your kill.
Your base Axes skill increases to level 4!
The bolt of cold hits the wind drake!!!
The wind drake dies!
Makhleb accepts your kill.
Your Invocations skill increases to level 8!
The spriggan air mage waves its arms in wide circles.
The air twists around and violently strikes you in flight.
* * * LOW HITPOINT WARNING * * *
The titan hits you!!
You die...

▓.....§.......▓((.()
▓...vD§.......▓(†▓)(
▓....C§§......▓(▓▓▓.
▓§...§§§......▓)(▓((
▓§v▓§D§§...▓ ▓..((.
▓i▓▓▓C§...▓▓ ▓▓▓▓▓▓
▓v§▓D§§§...▓..▓....8
▓i§CE§§.......▓..|)}
▓§2@§§.©......▓...).
▓▓▓▓▓▓▓▓▓▓▓▓▓▓▓.....
▓..... ▓..... ▓.....
▓..▓†) ▓.▓▓▓† ▓..▓..
▓.....


You could see 2 titans, 2 storm dragons, 2 spriggan air magi, an air elemental,
an insubstantial wisp and a friendly blizzard demon (summoned).

Vanquished Creatures
  A lich (D)
  A tentacled starspawn (D)
  A storm dragon (D)
  2 azure jellies (D)
  An emperor scorpion (D)
  A stone giant (D)
  3 merfolk javelineers (D)
  A death ooze (D)
  A rakshasa (D)
  2 naga warriors (D)
  A centaur warrior (D)
  2 dancing weapons (D)
  A hell knight (D)
  A wretched star (D)
  2 wolf spiders (D)
  3 deep elf archers (D)
  5 draconians (D)
  A deep elf mage (D)
  A worldbinder (D)
  5 cyclopes (D)
  4 toenail golems (D)
  A naga mage (D)
  A black mamba (D)
  2 guardian serpents (D)
  An eye of devastation (D)
  A hellion (D)
  A demonic crawler (D)
  4 yaktaurs (D)
  A guardian mummy (D)
  2 red devils (D)
  A hornet (D)
  2 wind drakes (D)
  2 jumping spiders (D)
  3 merfolk (D)
  3 slime creatures (D)
  2 hippogriffs (D)
  An air elemental (D)
  A water elemental (D)
  2 tarantellas (D)
  A small abomination (D)
  A redback (D)
  2 shadows (D)
  A fire elemental (D)
  A golden eye (D)
  A chaos spawn (D)
  A naga (D)
  2 hell hounds (D)
  2 water moccasins (D)
  5 phantoms (D)
  An eye of draining (D)
  3 necrophages (D)
  A centaur (D)
  A big kobold (shapeshifter) (D)
  2 earth elementals (D)
  A bullfrog (shapeshifter) (D)
  2 wights (D)
  5 starcursed masses (D)
  A crimson imp (D)
  2 quasits (D)
  2 jellies (D)
  4 iron imps (D)
  5 mummies (D)
  2 white imps (D)
  A shadow imp (D)
  2 ufetubi (D)
  An ooze (D)
  4 adder zombies (D)
  3 adder skeletons (D)
  A bat skeleton (D)
  3 ball pythons (D)
  A giant cockroach zombie (D)
  A starspawn tentacle (D)
137 creatures vanquished.

Vanquished Creatures (collateral kills)
  A wind drake (D)
  An air elemental (D)
2 creatures vanquished.

Vanquished Creatures (others)
  A wind drake (D)
  2 insubstantial wisps (D)
  3 starspawn tentacles (D)
6 creatures vanquished.

Grand Total: 145 creatures vanquished

Notes
Turn   | Place    | Note
-------+----------+-------------------------------------------
     0 | D        | jbtxwes the Demonspawn Gladiator began the quest for the
                  | Orb.
     0 | D        | Reached XP level 1. HP: 16/16 MP: 1/1
     1 | D        | Found a blossoming altar of Fedhas.
     2 | D        | Found the +6 Majin-Bo {vamp, Archmagi MP+6 Int+6}
     2 | D        | Found the +7 great mace "Firestarter" {inner flame, rF++}
     5 | D        | Found a shimmering blue altar of Sif Muna.
     5 | D        | Found a sacrificial altar of Ru.
     5 | D        | Found a bloodstained altar of Trog.
     5 | D        | Found a stormy altar of Qazlal.
     5 | D        | Found an iron altar of Okawaru.
     5 | D        | Found a sparkling altar of Nemelex Xobeh.
     7 | D        | Found a transporter.
     7 | D        | Found an ancient bone altar of Kikubaaqudgha.
     7 | D        | Found a viscous altar of Jiyva.
     7 | D        | Found a corrupted altar of Lugonu.
     7 | D        | Found a hazy altar of Hepliaklqana.
     7 | D        | Found a burning altar of Makhleb.
     7 | D        | Found an opulent altar of Gozag.
    31 | D        | Found the +9 heavy crossbow "Sniper" {vorpal, Acc+∞ SInv}
    31 | D        | Found the +10 dark maul {vorpal}
    31 | D        | Found the +15 Maxwell's patent armour {-Cast -Tele rElec
                  | MR+ rCorr}
    31 | D        | Found the +18 shield of the Gong {rElec rN+ MR+ EV-5}
    31 | D        | Found the cursed +14 obsidian axe {vorpal, +Fly SInv
                  | *Curse}
    32 | D        | Found the +6 shillelagh "Devastator" {shatter}
    32 | D        | Found the +11 plutonium sword {*Contam Stlth-}
    32 | D        | Found the +8 lance "Wyrmbane" {slay drac, rPois rF+ rC+
                  | AC+3}
    32 | D        | Found the +9 sword of Zonguldrok {reap}
    32 | D        | Found the cursed +13 scythe of Curses {drain, *Curse}
    32 | D        | Found the +0 sword of Power
    32 | D        | Found the +7 mace of Variability {chain chaos}
    32 | D        | Found the +7 Singing Sword {vorpal, sonic wave}
    32 | D        | Found the +8 storm bow {elec, penet}
    37 | D        | Became a worshipper of Makhleb the Destroyer
    65 | D        | Reached skill level 2 in Long Blades
    65 | D        | Reached skill level 1 in Polearms
    65 | D        | Reached skill level 1 in Armour
    65 | D        | Reached skill level 1 in Shields
    65 | D        | Reached skill level 1 in Spellcasting
    65 | D        | Gained mutation: You regenerate a little health from kills.
                  | [demonic ancestry]
    65 | D        | Reached XP level 2. HP: 24/24 MP: 1/4
   101 | D        | Entered arena 2.
   101 | D        | Noticed a bullfrog
   101 | D        | Noticed a big kobold
   101 | D        | Found a transporter.
   102 | D        | Killed a bullfrog
   102 | D        | Reached skill level 5 in Long Blades
   102 | D        | Reached XP level 3. HP: 30/30 MP: 5/5
   102 | D        | Reached XP level 4. HP: 37/37 MP: 6/6
   104 | D        | Killed a big kobold
   104 | D        | Reached skill level 5 in Fighting
   104 | D        | Reached skill level 6 in Long Blades
   213 | D        | Entered arena 3.
   213 | D        | Noticed a deep elf archer
   213 | D        | Noticed a deep elf archer
   213 | D        | Noticed a +4 antimagic trident
   213 | D        | Found a transporter.
   214 | D        | Identified the +3 falchion "Aprub" {vorpal, rF+ MR+ Str+2
                  | Dex+4}
   214 | D        | Identified the +8 war axe of Cudiuhac {speed, Str+5 Stlth-}
   216 | D        | Killed a +4 antimagic trident
   216 | D        | Reached * piety under Makhleb
   216 | D        | Reached skill level 11 in Long Blades
   216 | D        | Reached XP level 5. HP: 52/52 MP: 7/7
   216 | D        | Gained mutation: You are surrounded by a mild repulsion
                  | field. (EV +2) [demonic ancestry]
   216 | D        | Reached XP level 6. HP: 58/58 MP: 8/8
   216 | D        | Gained mutation: You have a pair of small horns on your
                  | head. [demonic ancestry]
   216 | D        | Reached XP level 7. HP: 64/64 MP: 9/9
   220 | D        | Killed a deep elf archer
   220 | D        | Reached XP level 8. HP: 57/72 MP: 10/10
   222 | D        | Killed a deep elf archer
   222 | D        | Reached skill level 10 in Fighting
   222 | D        | Reached skill level 12 in Long Blades
   222 | D        | Reached skill level 5 in Armour
   278 | D        | Entered arena 4.
   278 | D        | Found a transporter.
   279 | D        | Reached ** piety under Makhleb
   294 | D        | Got the +12 hunting sling of Wrath {speed, Str-2 Int+8 SInv
                  | Stlth-}
   296 | D        | Got the +4 plate armour "Betos" {rPois Int+2 Dex+2}
   404 | D        | Entered arena 5.
   404 | D        | Found a transporter.
   407 | D        | Reached *** piety under Makhleb
   410 | D        | Reached skill level 13 in Long Blades
   414 | D        | Reached XP level 9. HP: 79/79 MP: 11/11
   418 | D        | Reached **** piety under Makhleb
   423 | D        | Got the +11 battleaxe of Dried Tears {flame, rPois rC+}
   429 | D        | Entered arena 6.
   429 | D        | Noticed a draconian
   429 | D        | Noticed a draconian
   429 | D        | Noticed a draconian
   429 | D        | Noticed a draconian
   429 | D        | Noticed a draconian
   429 | D        | Found a transporter.
   448 | D        | Killed a draconian
   463 | D        | Killed a draconian
   463 | D        | Reached skill level 14 in Long Blades
   463 | D        | Reached skill level 5 in Shields
   477 | D        | Killed a draconian
   484 | D        | Killed a draconian
   484 | D        | Reached skill level 5 in Polearms
   492 | D        | Killed a draconian
   492 | D        | Gained mutation: You are surrounded by a moderate repulsion
                  | field. (EV +3) [demonic ancestry]
   492 | D        | Reached XP level 10. HP: 89/89 MP: 12/12
   606 | D        | Entered arena 7.
   606 | D        | Noticed a toenail golem
   606 | D        | Noticed a toenail golem
   606 | D        | Noticed a toenail golem
   606 | D        | Noticed a toenail golem
   616 | D        | Killed a toenail golem
   624 | D        | Killed a toenail golem
   624 | D        | Reached ***** piety under Makhleb
   634 | D        | Killed a toenail golem
   641 | D        | Killed a toenail golem
   654 | D        | Reached skill level 10 in Polearms
   655 | D        | Found a transporter.
   780 | D        | Entered arena 8.
   780 | D        | Noticed a +3 flail of protection
   780 | D        | Noticed a deep elf mage
   780 | D        | Noticed a deep elf archer
   784 | D        | Killed a +3 flail of protection
   784 | D        | Killed a deep elf mage
   788 | D        | Reached ****** piety under Makhleb
   789 | D        | Found a transporter.
   791 | D        | Killed a deep elf archer
   817 | D        | Entered arena 9.
   817 | D        | Noticed a cyclops
   822 | D        | Reached skill level 15 in Long Blades
   826 | D        | Found a transporter.
   827 | D        | Killed a cyclops
   827 | D        | Reached XP level 11. HP: 98/98 MP: 12/14
   867 | D        | Entered arena 10.
   867 | D        | Noticed a lich
   881 | D        | Killed a lich
   881 | D        | Reached skill level 16 in Long Blades
   881 | D        | Reached skill level 5 in Invocations
   882 | D        | Found a transporter.
  1002 | D        | Entered arena 11.
  1002 | D        | Identified the +4 arbalest of Patterns {penet, Str+6 Int+4}
  1011 | D        | Reached skill level 17 in Long Blades
  1019 | D        | Found a transporter.
  1037 | D        | Entered arena 12.
  1037 | D        | Noticed a wolf spider
  1037 | D        | Noticed an emperor scorpion
  1038 | D        | Found the +10 morningstar "Eos" {elec, Halo rElec}
  1038 | D        | Noticed a wolf spider
  1044 | D        | Killed a wolf spider
  1044 | D        | Reached skill level 15 in Fighting
  1047 | D        | Killed a wolf spider
  1058 | D        | Killed an emperor scorpion
  1058 | D        | Reached skill level 18 in Long Blades
  1060 | D        | Found the +5 scythe "Finisher" {speed, eviscerate}
  1060 | D        | Found a transporter.
  1072 | D        | Got the ring of Lututach {+Fly rElec Str+3 Stlth-}
  1074 | D        | Got the amulet "Wogiuhos" {RegenMP Str+3 Int-4}
  1076 | D        | Got the ring "Qytz" {rN+ Dex+7}
  1146 | D        | Entered arena 13.
  1146 | D        | Noticed a death ooze
  1146 | D        | Noticed an azure jelly
  1152 | D        | Killed a death ooze
  1152 | D        | Gained mutation: You have a pair of horns on your head.
                  | [demonic ancestry]
  1152 | D        | Reached XP level 12. HP: 111/111 MP: 16/16
  1156 | D        | Killed an azure jelly
  1156 | D        | Noticed an azure jelly
  1158 | D        | Found a transporter.
  1168 | D        | Killed an azure jelly
  1168 | D        | Reached skill level 19 in Long Blades
  1181 | D        | Got the ring of Duuthits {Wiz Stlth+}
  1195 | D        | Entered arena 14.
  1196 | D        | Noticed a naga warrior
  1196 | D        | Noticed a naga warrior
  1207 | D        | Killed a naga warrior
  1210 | D        | Killed a naga warrior
  1211 | D        | Found a transporter.
  1270 | D        | Entered arena 15.
  1271 | D        | Noticed a stone giant
  1271 | D        | Noticed a centaur warrior
  1272 | D        | Noticed a merfolk javelineer
  1272 | D        | Identified the ring "Qiank" {*Drain rC+ Dex+4 Stlth-}
  1272 | D        | Noticed a merfolk javelineer
  1278 | D        | Identified the cursed +1 battleaxe "Xasiod" {drain, +Inv
                  | rF+ Int+3}
  1278 | D        | Noticed a merfolk javelineer
  1279 | D        | Found a transporter.
  1284 | D        | Reached skill level 20 in Long Blades
  1286 | D        | Killed a merfolk javelineer
  1286 | D        | Killed a centaur warrior
  1286 | D        | Killed a stone giant
  1286 | D        | Gained mutation: You have a pair of large horns on your
                  | head. [demonic ancestry]
  1286 | D        | Reached XP level 13. HP: 122/122 MP: 16/18
  1289 | D        | Killed a merfolk javelineer
  1289 | D        | Reached skill level 21 in Long Blades
  1290 | D        | Killed a merfolk javelineer
  1317 | D        | Entered arena 16.
  1318 | D        | Noticed a starcursed mass
  1318 | D        | Noticed a tentacled starspawn
  1331 | D        | Killed a tentacled starspawn
  1340 | D        | Found a transporter.
  1463 | D        | Got the Volume of Poisoning and Ice
  1476 | D        | Entered arena 17.
  1498 | D        | Reached skill level 22 in Long Blades
  1624 | D        | Found a transporter.
  1642 | D        | Got the ring of Divine Intervention {rElec rC- Dex+6
                  | Stlth+}
  1654 | D        | Got the +7 broad axe of the Foot {protect, Dex+7}
  1667 | D        | Entered arena 18.
  1670 | D        | Noticed a titan
  1670 | D        | Noticed a storm dragon
  1670 | D        | Noticed a titan
  1670 | D        | Noticed a storm dragon
  1670 | D        | Noticed a storm dragon
  1690 | D        | Killed a storm dragon
  1692 | D        | HP: 3/125 [spriggan air mage/the air (5)]
  1692 | D        | Demolished by a titan

Illustrated notes

Levels and vault maps discovered:
D:        sprint_v [room_start, room_1, room_2, room_3, room_4, room_5, room_6,
          room_7, room_8, room_9, room_10, room_11, room_12, room_13, room_14,
          room_15, room_16, room_17, room_18, room_19, room_20, room_21,
          room_22, room_23, room_24, room_25, room_26, room_27]

Skill      XL: |  1  2  3  4  5  6  7  8  9 10 11 12 13 |
---------------+----------------------------------------+-----
Fighting       | 3 4 9 10 11 13 15 18 19 | 19.1
Long Blades    | 2 5 11 13 14 15 18 20 22 | 22.1
Polearms       | 1 7 10 | 10.0
Armour         | 1 2 4 5 6 |  6.2
Stealth        | 2 |  2.0
Shields        | 1 2 3 5 |  5.7
Spellcasting   | 1 |  1.7
Invocations    | 2 4 5 6 8 |  8.0
Evocations     | 2 3 4 |  4.1
Axes           | 4 |  4.0
Throwing       | |  1.7
Dodging        | |  2.6
Unarmed Combat | |  2.6

Action                   |  1- 3 |  4- 6 |  7- 9 | 10-12 | 13-15 || total
-------------------------+-------+-------+-------+-------+-------++-------
Melee: Double sword      |     1 |     3 |    28 |    84 |    38 ||   154
       Headbutt          |       |       |    29 |    43 |    13 ||    85
       Lance             |       |       |    57 |    49 |     9 ||   115
Invok: Lesser Servant of |       |       |       |     1 |       ||     1
       Greater Servant o |       |       |       |       |     1 ||     1
Evoke: Wand              |       |       |       |     1 |       ||     1
       Tin of tremorston |       |       |       |       |     1 ||     1
  Use: Potion            |     1 |       |       |     2 |     2 ||     5
  Eat: Ration            |       |       |       |       |     1 ||     1
Armor: Plate armour      |       |     1 |    19 |    38 |    16 ||    74
Dodge: Dodged            |       |       |     2 |    15 |     4 ||    21
Block: Kite shield       |       |     4 |   109 |   164 |    59 ||   336
       Rpst.: Double sword |       |       |       |     2 |       ||     2
